 Dungeon Crawl Stone Soup version 0.28-a0-10-g964c8b829e (webtiles) character file.

Game seed: 7363431477585275386

120 Sin92 the Skirmisher (level 4, -3/35 HPs)
             Began as a Demonspawn Fighter on July 25, 2021.
             Slain by an orc (4 damage)
             ... on level 3 of the Dungeon.
             The game lasted 00:04:02 (2474 turns).

Sin92 the Skirmisher (Demonspawn Fighter)           Turns: 2474, Time: 00:04:03

Health: -3/35      AC: 11    Str: 17    XL:     4   Next: 75%
Magic:  4/4        EV:  5    Int:  9    God:
Gold:   73         SH:  9    Dex: 13    Spells: 3/3 levels left

rFire   . . .      SeeInvis .   a - +1 war axe
rCold   . . .      Faith    .   c - +0 kite shield
rNeg    . . .      Spirit   .   g - +0 chain mail
rPois   .          Reflect  .   (no helmet)
rElec   .          Harm     .   (no cloak)
rCorr   .          Rampage  .   (no gloves)
Will    .....                   (no boots)
Stlth   ..........              (no amulet)
HPRegen 0.11/turn               (no ring)
MPRegen 0.18/turn               (no ring)

@: no status effects
A: hooves 1, molten scales 1, magic regeneration
a: no special abilities


You were on level 3 of the Dungeon.
You visited 1 branch of the dungeon, and saw 3 of its levels.

You collected 73 gold pieces.

Inventory:

Hand Weapons
 a - a +1 war axe (weapon)
Armour
 b - a +0 scale mail
 c - a +0 kite shield (worn)
 g - a +0 chain mail (worn)
Potions
 d - a potion of might
 e - 2 potions of curing {unknown}
 f - a potion of heal wounds


   Skills:
 + Level 3.5 Fighting
 * Level 3.0 Axes
 + Level 3.1 Armour
 + Level 1.4 Dodging
 + Level 3.1 Shields


You had 3 spell levels left.
You didn't know any spells.
Your spell library was empty.

Dungeon Overview and Level Annotations

Branches:
Dungeon (3/15)

Altars:


Innate Abilities, Weirdness & Mutations

You have large cloven feet.
You are partially covered in molten scales. (AC +2)
You regenerate magic rapidly.


Message History

The orc priest is lightly wounded.
You barely miss the orc. You closely miss something. You miss something.
You hit the orc. You block something's attack.
Something hits you but does no damage. The orc hits you but does no damage.
The orc priest completely misses you. The orc hits you with a +0 club.
Something hits you. Something hits you but does no damage.
You barely miss the orc priest.
The orc priest is lightly wounded.
You barely miss the orc. You hit something but do no damage. x2
You hit the orc. Something completely misses you. You block the orc's attack.
The orc priest hits you with a +0 club. The orc hits you but does no damage.
You hear some strange, mumbled words.
Something tries to affect you, but you resist.
Something hits you but does no damage. The orc barely misses you.
The orc priest looks braver for a moment.
The orc hits you but does no damage.
You hit the orc priest. You kick the orc priest.
The orc priest is severely wounded.
You hit the orc. You hit something. You closely miss something.
Your shield and chain mail prevent you from hitting the orc.
Something hits you.
You hear some strange, mumbled words.
A puff of flame appears from out of thin air!
The puff of flame hits you.
* * * LOW HITPOINT WARNING * * *
You block the orc's attack.
The orc priest calls upon Beogh to heal the orc.
The orc's wounds heal themselves!
The orc barely misses you. Something hits you but does no damage.
Something hits you.
* * * LOW HITPOINT WARNING * * *
Something hits you.
* * * LOW HITPOINT WARNING * * *
The orc completely misses you.
You hit the orc priest. Your kick misses the orc priest.
The orc priest is almost dead.
You hit the orc.
You miss something. x2; You hit the orc.
The orc priest hits you but does no damage.
You block the orc's attack.
Something hits you but does no damage. x2
The orc hits you with a +0 hand axe.
You die...

#....#...........
#....#..........#
#....#..........#
#.####..........#
#.#.............#
#.#......########
#.#......#
#....ooo.#
#....{@{.#######
#........#.....#
#..............#
#.......(......#
###.........####
#....##...#
#....##...#
#....##..)#
#.♣.♣#♣...#


You could see an orc priest and 2 orcs.

Vanquished Creatures
  An orc priest (D:2)
  3 adders
  2 worms (D:2)
  2 dart slugs (D:1)
  4 orcs (D:2)
  A ball python (D:1)
  3 bats
  2 endoplasms (D:1)
  A giant cockroach (D:1)
  3 goblins
  6 hobgoblins
  5 jackals
  4 kobolds (D:1)
  A quokka (D:1)
  3 frilled lizards (D:1)
  7 rats
48 creatures vanquished.

Vanquished Creatures (others)
  An adder (D:3)
  A hobgoblin (D:3)
  A quokka (D:3)
  A bat (D:3)
4 creatures vanquished.

Grand Total: 52 creatures vanquished

Notes
Turn   | Place    | Note
-------+----------+-------------------------------------------
     0 | D:1      | Sin92 the Demonspawn Fighter began the quest for the Orb.
     0 | D:1      | Reached XP level 1. HP: 18/18 MP: 1/1
    98 | D:1      | Gained mutation: You have large cloven feet. [demonic
                  | ancestry]
    98 | D:1      | Reached XP level 2. HP: 15/24 MP: 2/2
   812 | D:1      | Found a faded altar of an unknown god.
  1004 | D:1      | Gained mutation: You are partially covered in molten
                  | scales. (AC +2) [demonic ancestry]
  1004 | D:1      | Reached XP level 3. HP: 29/29 MP: 3/3
  1013 | D:1      | Reached skill level 1 in Dodging
  2075 | D:2      | Gained mutation: You regenerate magic rapidly. [demonic
                  | ancestry]
  2075 | D:2      | Reached XP level 4. HP: 31/35 MP: 4/4
  2473 | D:3      | HP: 1/35 [something (2)]
  2474 | D:3      | Slain by an orc

Illustrated notes

Levels and vault maps discovered:
D:1:      dpeg_arrival_ternary, layout_basic,
          ebering_ecumenical_altar_sacrificial
D:2:      layout_basic
D:3:      layout_basic, xom_confusion_cloud, serial_forest,
          infiniplex_forest_lined_1, infiniplex_forest_straight_4,
          infiniplex_forest_join, infiniplex_forest_clump_double,
          infiniplex_forest_end_2, infiniplex_forest_straight_2,
          infiniplex_forest_clump_medium, infiniplex_forest_lined_3,
          grunt_ministairs_15, nrook_uturn, uniq_grinder

Skill      XL: |  1  2  3  4 |
---------------+-------------+-----
Axes           | 2 3 |  3.0
Dodging        | 1 |  1.4
Shields        | 3 |  3.1
Armour         | 3 |  3.1
Fighting       | |  3.5

Action                   |  1- 3 |  4- 6 || total
-------------------------+-------+-------++-------
Melee: War axe           |   105 |    32 ||   137
       Kick              |    15 |     6 ||    21
  Use: Potion            |     2 |       ||     2
       Scroll            |       |     5 ||     5
Armor: Scale mail        |    31 |       ||    31
       Chain mail        |    35 |    40 ||    75
Dodge: Dodged            |    31 |    17 ||    48
Block: Kite shield       |    60 |    19 ||    79

Table legend: (Time is in decaauts)
 A = Elapsed time spent in this place.
 B = Non-inter-level travel time spent in this place.
 C = Inter-level travel time spent in this place.
 D = Time resting spent in this place.
 E = Time spent auto-exploring this place.
 F = Levels seen in this place.
 G = Mean time per level.
                   A        B        C        D        E       F      G
               +--------+--------+--------+--------+--------+-----+--------+
         Total |   2558 |   2538 |     20 |      0 |   2129 |   3 |  852.7 |
       Dungeon |   2558 |   2538 |     20 |      0 |   2129 |   3 |  852.7 |
               +--------+--------+--------+--------+--------+-----+--------+

Top non-repeatable levels by time:
     D:1: 1281 daAuts
     D:2: 1164 daAuts
     D:3: 113 daAuts
